AoeStats
← Carpii

Fortress

510145288Analyzed
4v4 RM · 3d ago on Sep 29, 2026· 45m 6s· 8 players
Game mode
Random Map
Map size
Huge
Population
200
Speed
Normal
Resources
Standard
Victory
Conquest
Starting age
Dark Age
Ending age
Imperial Age
RankedLock teamsTeams togetherTeam positionsShared explorationLock speedFull tech treeHidden civsTurbo modeCheats
Victory
Defeat
🇩🇪 Burmese · Germany
1386
+17
🇩🇪 Lithuanians · Germany
1363
+18
🇩🇪 Bohemians · Germany
1360
+18
🇦🇹 Italians · Austria
1339
+19
🇩🇪 Mapuche · Germany
1437
-20
🇩🇪 Persians · Germany
1417
-18
🇨🇳 Danes · China
1417
-18
🇦🇷 Bengalis · Argentina
1356
-16
Spätzlepfanne
8:16 Feudal Age
9:09 Feudal Age
9:05 Loom
12:41 Castle Age
10:25 Horse Collar
12:32 Fletching
14:06 Heavy Plow
19:38 Wheelbarrow
19:32 Town Watch
22:16 Hand Cart
27:28 Imperial Age
26:25 Bodkin Arrow
27:28 Gold Mining
27:29 Stone Mining
27:58 Padded Archer Armor
27:21 Pikeman
28:26 Ballistics
28:47 Crop Rotation
29:02 Guilds
29:48 Bracer
30:55 Chemistry
31:07 Elite Arambai
32:53 Siege Engineers
33:38 Conscription
35:07 Manipur Cavalry
35:38 Howdah
36:22 Squires
36:27 Scale Mail Armor
36:37 Forging
36:53 Bloodlines
36:44 Husbandry
36:46 Gambesons
37:22 Chain Mail Armor
37:34 Caravan
38:33 Plate Mail Armor
43:04 Forging
45:16 Masonry
44:46 Treadmill Crane
Carpii
7:46 Feudal Age
11:54 Castle Age
11:03 Double-Bit Axe
15:13 Bow Saw
21:02 Wheelbarrow
22:36 Stone Mining
22:36 Gold Mining
22:32 Horse Collar
24:40 Treadmill Crane
25:29 Heavy Plow
28:26 Imperial Age
26:51 Husbandry
27:03 Bloodlines
27:25 Scale Barding Armor
27:31 Forging
27:43 Light Cavalry
29:15 Chain Barding Armor
29:33 Iron Casting
28:37 Cavalier
29:40 Conscription
29:36 Elite Leitis
30:56 Paladin
42:38 Coinage
42:09 Caravan
44:40 Winged Hussar
hafnfp13
7:17 Feudal Age
11:55 Castle Age
10:24 Double-Bit Axe
19:31 Horse Collar
23:56 Wheelbarrow
23:24 Loom
27:22 Imperial Age
25:21 Gold Mining
26:59 Hand Cart
27:13 Ballistics
29:06 Chemistry
28:19 Pirotechnia
28:30 Conscription
28:46 Padded Archer Armor
28:37 Fletching
28:37 Town Watch
29:06 Heavy Plow
29:18 Bow Saw
29:20 Thumb Ring
28:37 Elite Skirmisher
30:06 Bodkin Arrow
30:26 Leather Archer Armor
31:40 Two-Man Saw
31:30 Bracer
32:51 Ring Archer Armor
32:59 Bombard Tower
DesFroschi
7:31 Feudal Age
11:09 Castle Age
9:01 Double-Bit Axe
9:22 Horse Collar
12:29 Bow Saw
19:47 Wheelbarrow
21:14 Hand Cart
22:23 Heavy Plow
22:10 Loom
26:29 Imperial Age
25:18 Forging
25:08 Scale Mail Armor
26:11 Chemistry
24:41 Pikeman
25:22 Squires
25:07 Arson
26:16 Wagenburg Tactics
26:25 Masonry
26:54 Iron Casting
26:42 Halberdier
27:46 Chain Mail Armor
27:53 Conscription
27:51 Siege Engineers
29:06 Plate Mail Armor
29:36 Blast Furnace
29:27 Houfnice
38:48 Two-Man Saw
GOGO
8:28 Feudal Age
12:36 Castle Age
10:26 Double-Bit Axe
10:24 Horse Collar
12:40 Wheelbarrow
17:46 Bow Saw
21:36 Hand Cart
22:23 Gold Mining
22:23 Stone Mining
22:30 Stone Mining
22:41 Heavy Plow
25:09 Gold Shaft Mining
25:09 Stone Shaft Mining
24:29 Loom
25:10 Town Watch
28:30 Imperial Age
26:58 Bloodlines
26:48 Husbandry
27:02 Forging
26:57 Scale Barding Armor
29:15 Iron Casting
29:01 Chain Barding Armor
28:07 Elite War Elephant
28:52 Kamandaran
29:33 Crop Rotation
29:31 Guilds
29:47 Conscription
31:21 Two-Man Saw
32:08 Blast Furnace
31:14 Crossbowman
31:59 Thumb Ring
33:03 Plate Barding Armor
32:18 Fletching
32:29 Padded Archer Armor
33:21 Murder Holes
33:47 Ballistics
34:28 Chemistry
35:39 Bodkin Arrow
35:59 Leather Archer Armor
35:39 Bodkin Arrow
35:58 Light Cavalry
36:55 Leather Archer Armor
38:11 Hussar
41:15 Ring Archer Armor
40:59 Masonry
INSIDIOUS
9:38 Feudal Age
13:34 Castle Age
12:51 Double-Bit Axe
12:46 Horse Collar
15:19 Wheelbarrow
14:56 Bow Saw
14:48 Heavy Plow
18:03 Stone Mining
23:00 Hand Cart
23:04 Gold Mining
28:16 Imperial Age
26:11 Loom
26:12 Town Watch
27:06 Gold Shaft Mining
27:20 Fletching
27:30 Padded Archer Armor
28:07 Bodkin Arrow
29:01 Ballistics
28:58 Leather Archer Armor
29:14 Butalmapu
29:29 Conscription
28:33 Elite Bolas Rider
30:19 Chemistry
29:30 Masonry
30:52 Ring Archer Armor
33:30 Elite Kona
34:27 Forging
35:44 Iron Casting
35:13 Malon
37:47 Blast Furnace
40:03 Hoardings
42:53 Architecture
45:03 Siege Engineers
SimbadMarino
3:28 Loom
6:48 Feudal Age
11:49 Castle Age
10:26 Double-Bit Axe
11:27 Horse Collar
13:31 Bow Saw
13:34 Town Watch
21:45 Gold Mining
21:46 Stone Mining
25:06 Imperial Age
22:48 Fletching
22:58 Padded Archer Armor
22:57 Loom
23:58 Stone Mining
24:09 Bodkin Arrow
24:30 Leather Archer Armor
26:09 Wheelbarrow
27:23 Chemistry
25:49 Elite Elephant Archer
26:00 Elite Skirmisher
27:05 Ballistics
27:11 Conscription
28:00 Husbandry
28:11 Bloodlines
31:10 Bracer
30:53 Light Cavalry
32:13 Ring Archer Armor
31:49 Scale Barding Armor
32:41 Paiks
34:29 Forging
37:18 Chain Barding Armor
37:33 Iron Casting
41:58 Hand Cart
43:08 Elite Battle Elephant
'Pyc_Hawk' = cryer
6:42 Feudal Age
7:49 Double-Bit Axe
7:47 Horse Collar
10:49 Castle Age
8:49 Double-Bit Axe
13:17 Wheelbarrow
15:34 Loom
16:38 Bow Saw
19:49 Hand Cart
19:27 Town Watch
20:33 Heavy Plow
20:25 Gold Mining
20:27 Stone Mining
24:46 Imperial Age
23:13 Scale Mail Armor
23:23 Forging
25:23 Chain Mail Armor
24:59 Onager
25:47 Pikeman
26:28 Squires
26:59 Plate Mail Armor
27:33 Siege Engineers
27:08 Halberdier
28:24 Conscription
27:59 Guard Tower
28:45 Iron Casting
27:36 Northmen's Fury
29:31 Siege Onager
30:45 Ballistics
30:16 Fletching
31:05 Caravan
32:18 Blast Furnace
32:12 Masonry
32:39 Keep
33:59 Bodkin Arrow
33:51 Arrowslits
35:06 Chemistry
34:02 Murder Holes
36:03 Arson
Connection lost

Rejoining the realm…

Still unreachable

The connection could not be restored.

Session expired

The server has moved on; the page needs a fresh start.